 Dungeon Sprint DCSS version 0.26-a0-1164-g1a551d6a14 (webtiles) character file.

Game seed: 8459666409990788727

1274 reriks the Cleaver (level 8, -8/85 HPs)
             Began as a Deep Dwarf Berserker on Dec 24, 2020.
             Was a Priest of Trog.
             Mangled by a centaur warrior (10 damage)
             ... in the Dungeon (Sprint I: "Red Sonja").
             The game lasted 00:02:12 (1228 turns).

reriks the Cleaver (Deep Dwarf Berserker)           Turns: 1228, Time: 00:02:12

Health: -8/85      AC:  4    Str: 23    XL:     8   Next: 28%
Magic:  6/6        EV: 17    Int:  8    God:    Trog [***...]
Gold:   405        SH:  0    Dex: 12    Spells: 7/7 levels left

rFire    . . .     SeeInvis .   a - +0 hand axe
rCold    . . .     Faith    .   (no shield)
rNeg     . . .     Spirit   .   j - +0 leather armour
rPois    .         Reflect  .   (no helmet)
rElec    .         Harm     .   (no cloak)
rCorr    .         Rampage  .   (no gloves)
Will     +++..     NoTele   +   (no boots)
Stlth    +.........             (no amulet)
HPRegen  1.00/turn              (no ring)
MPRegen  0.10/turn              (no ring)

@: berserk cooldown, non-regenerating, slowed, very slow
A: damage resistance, heal wounds, sense surroundings 1, no regeneration
a: Heal Wounds, Renounce Religion, Berserk, Trog's Hand


You were in the Dungeon.
You worshipped Trog.
Trog was most pleased with you.
You visited 1 branch You collected 405 gold pieces.

Inventory:

Hand Weapons
 a - a +0 hand axe (weapon)
Armour
 b - a +0 animal skin
 j - a +0 leather armour (worn)
Wands
 i - a wand of digging (5)
Scrolls
 h - a scroll of blinking
Potions
 c - a potion of curing
 d - a potion of heal wounds
 e - a potion of haste
 f - 2 potions of magic
 g - a potion of berserk rage


   Skills:
 + Level 9.0 Fighting
 + Level 10.6 Axes
 + Level 10.3 Armour
 + Level 10.3 Dodging


You had 7 spell levels left.
You didn't know any spells.
Your spell library was empty.

Dungeon Overview and Level Annotations

Branches:
Dungeon (1/1)

Altars:
Cheibriados
Dithmenos
Elyvilon
Fedhas
Gozag
Hepliaklqana
Kikubaaqudgha
Makhleb
Nemelex Xobeh
Okawaru
Qazlal
Ru
Sif Muna
Trog
Uskayaw
Vehumet
Wu Jian
Xom
Yredelemnul
Zin
The Shining One
Jiyva
Lugonu

Shops:
D [


Innate Abilities, Weirdness & Mutations

You are resistant to damage.
You can heal yourself by infusing magical energy.
You passively map a small area around you.
You do not regenerate.


Message History

The centaur warrior is lightly wounded.
You barely miss the centaur warrior. The centaur warrior hits you!
* * * LOW HITPOINT WARNING * * *
The centaur warrior hits you!
* * * LOW HITPOINT WARNING * * *
The centaur warrior hits you.
* * * LOW HITPOINT WARNING * * *
You closely miss the centaur warrior.
The centaur warrior is lightly wounded.
You closely miss the centaur warrior. The centaur warrior barely misses you.
The centaur warrior completely misses you.
The centaur warrior barely misses you.
You barely miss the centaur warrior.
The centaur warrior is lightly wounded.
You hit the centaur warrior.
You feel the effects of Trog's Hand fading.
The centaur warrior hits you!
* * * LOW HITPOINT WARNING * * *
The centaur warrior hits you!
You die...

#######################**
#..).)#..'..#__#.))...# ,
, '..#..'..#..'^.'..#...#
*
#####'#####'#__####...+,
####..#...#)####§§##### ,
#__####..##(#§§§§c# +*
#_____##'#_§'≈§§@§+ , ,
#_.∩...'...§#≈§§§c#, , ,
^ , #_..__##_.#'##+#### ^
^ #_____###+#(# * , ,
#######* ### ,,+, +, * ,
* * *+ * , * , , * * +


You could see 2 centaur warriors.

Vanquished Creatures
  2 kobold demonologists (D)
  A slime creature (D)
  Sigmund (D)
  A yak (D)
  A floating eye (D)
  An ogre (D)
  A jelly (D)
  Ijyb (D)
9 creatures vanquished.

Vanquished Creatures (others)
  A gargoyle (D)
1 creature vanquished.

Grand Total: 10 creatures vanquished

Notes
Turn   | Place    | Note
-------+----------+-------------------------------------------
     0 | D        | reriks the Deep Dwarf Berserker began the quest for the
                  | Orb.
     0 | D        | Reached XP level 1. HP: 20/20 MP: 1/1
     1 | D        | Noticed Ijyb
     8 | D        | Killed Ijyb
     9 | D        | Reached XP level 2. HP: 30/30 MP: 2/2
   176 | D        | Killed a gargoyle
   232 | D        | Noticed an ogre
   238 | D        | Killed an ogre
   239 | D        | Reached skill level 5 in Armour
   239 | D        | Reached skill level 5 in Dodging
   239 | D        | Reached XP level 3. HP: 38/38 MP: 3/3
   239 | D        | Reached XP level 4. HP: 45/45 MP: 4/4
   551 | D        | Noticed Sigmund
   567 | D        | Killed Sigmund
   567 | D        | Reached ** piety under Trog
   568 | D        | Reached XP level 5. HP: 55/55 MP: 5/5
   568 | D        | Reached XP level 6. HP: 62/62 MP: 6/6
   728 | D        | Found a burning altar of Makhleb.
   728 | D        | Found a viscous altar of Jiyva.
   728 | D        | Found a shimmering altar of Xom.
   728 | D        | Found a corrupted altar of Lugonu.
   728 | D        | Noticed a slime creature
   742 | D        | Killed a slime creature
   808 | D        | Found an ornate altar of the Wu Jian Council.
   808 | D        | Found a shimmering blue altar of Sif Muna.
   810 | D        | Found a radiant altar of Vehumet.
   988 | D        | Found Nuziov's Armour Emporium.
   988 | D        | Found an ancient bone altar of Kikubaaqudgha.
   988 | D        | Found a hazy altar of Hepliaklqana.
   988 | D        | Found a stormy altar of Qazlal.
   988 | D        | Found a hide-covered altar of Uskayaw.
   988 | D        | Found a blossoming altar of Fedhas.
   988 | D        | Found a bloodstained altar of Trog.
   988 | D        | Found an iron altar of Okawaru.
   988 | D        | Found a basalt altar of Yredelemnul.
   988 | D        | Found a glowing golden altar of the Shining One.
   988 | D        | Found a snail-covered altar of Cheibriados.
   988 | D        | Found a sacrificial altar of Ru.
   988 | D        | Found a glowing silver altar of Zin.
   988 | D        | Found a shadowy altar of Dithmenos.
   988 | D        | Found a white marble altar of Elyvilon.
   988 | D        | Noticed a yak
   992 | D        | Killed a yak
   993 | D        | Reached XP level 7. HP: 73/73 MP: 6/6
  1098 | D        | Found an opulent altar of Gozag.
  1099 | D        | Found a sparkling altar of Nemelex Xobeh.
  1154 | D        | Noticed a kobold demonologist
  1156 | D        | Noticed a kobold demonologist
  1172 | D        | Killed a kobold demonologist
  1172 | D        | Reached *** piety under Trog
  1173 | D        | Reached skill level 10 in Axes
  1173 | D        | Killed a kobold demonologist
  1174 | D        | Reached skill level 10 in Armour
  1174 | D        | Reached skill level 10 in Dodging
  1174 | D        | Reached XP level 8. HP: 84/84 MP: 6/6
  1176 | D        | Reached **** piety under Trog
  1218 | D        | Noticed a centaur warrior
  1218 | D        | Noticed a centaur warrior
  1228 | D        | HP: 2/85 [centaur warrior (8)]
  1228 | D        | Mangled by a centaur warrior

Illustrated notes

Levels and vault maps discovered:
D:        dungeon_sprint_1 [red_sonja_temple_1, red_sonja_temple_small_1]

Skill      XL: |  1  2  3  4  5  6  7  8 |
---------------+-------------------------+-----
Fighting       | 3 4 6 7 8 9 |  9.0
Axes           | 4 6 7 9 10 | 10.6
Armour         | 3 5 7 9 10 | 10.3
Dodging        | 3 5 7 9 10 | 10.3

Action                   |  1- 3 |  4- 6 |  7- 9 || total
-------------------------+-------+-------+-------++-------
Melee: Hand axe          |    10 |    20 |    24 ||    54
Invok: Berserk           |     2 |     4 |     2 ||     8
       Trog's Hand       |       |       |     2 ||     2
 Abil: Heal Wounds       |       |     2 |     1 ||     3
Armor: Animal skin       |       |     1 |       ||     1
       Leather armour    |       |       |     6 ||     6
Dodge: Dodged            |     3 |    10 |    20 ||    33

Table legend: (Time is in decaauts)
 A = Elapsed time spent in this place.
 B = Non-inter-level travel time spent in this place.
 C = Inter-level travel time spent in this place.
 D = Time resting spent in this place.
 E = Time spent auto-exploring this place.
 F = Levels seen in this place.
 G = Mean time per level.
                   A        B        C        D        E       F      G
               +--------+--------+--------+--------+--------+-----+--------+
         Total |   1290 |   1290 |      0 |   1065 |      0 |   1 | 1290.0 |
       Dungeon |   1290 |   1290 |      0 |   1065 |      0 |   1 | 1290.0 |
               +--------+--------+--------+--------+--------+-----+--------+

Top non-repeatable levels by time:
       D: 1290 daAuts
